Rangers vs Bruins

Created - April 6, 2015 at 10:37

Goals
1 2 3 T
Rangers 1 2 0 3
Bruins 1 1 0 2
Shots
1 2 3 T
Rangers 3 7 3 13
Bruins 9 7 7 23

1st period

1. Bruins , Torey Krug 14 (John Carlson, Ryan Strome) at 0:25 (PP)
2. Rangers , Kris Russell 15 (Sean Couturier) at 13:11

Penalties :
Kris Russell (NYR) for Hooking (Minor) at 0:03, Steve Downie (NYR) for Slashing (Minor) at 7:25

2nd period

3. Bruins , Carl Soderberg 18 (Zach Parise, Brad Marchand) at 0:29 (PP)
4. Rangers , Craig Smith 19 (Mikael Backlund, Joffrey Lupul) at 9:58
5. Rangers , Steve Downie 6 (Chris Tanev, Derek Morris) at 12:37

Penalties :
Kris Russell (NYR) for Tripping (Minor) at 0:08, Alex Goligoski (NYR) for Holding (Minor) at 4:35, Andrew Ladd (BOS) for High sticking (Minor) at 15:41

3rd period

No Goal

Penalties :
Kris Russell (NYR) for High sticking (Minor) at 0:08

Goalie Stats

Brian Elliott (NYR), 21 saves from 23 shots - (0.913), W, 23-25-6, 60:00 minutes
Tuukka Rask (BOS), 10 saves from 13 shots - (0.769), L, 38-23-4, 60:00 minutes

Players Stats for Rangers

Player Name              G  A  P  +/- PIM S  H  SB GA TA FO     MP     PP MP  PK MP  
------------------------------------------------------------------------------------
Alex Goligoski           0  0  0   1  2   0  1  1  0  0  0/0    17:27   0:00   1:03 
Andrew Ference           0  0  0   0  0   0  0  0  0  0  0/0     0:22   0:00   0:15 
Anton Volchenkov         0  0  0   0  0   0  4  1  0  0  0/0    15:45   0:00   3:09 
Benoit Pouliot           0  0  0   0  0   0  0  0  0  0  0/0     3:54   0:00   0:00 
Bryan Allen              0  0  0   0  0   0  0  0  0  0  0/0     5:20   0:00   0:00 
Chris Tanev              0  1  1   2  0   0  0  0  0  0  0/0    22:15   1:14   4:01 
Craig Smith              1  0  1   1  0   1  0  1  0  0  1/6    21:41   0:59   4:00 
David Legwand            0  0  0   1  0   2  0  0  0  0  4/11   17:16   0:26   0:22 
Derek Morris             0  1  1   2  0   1  6  0  0  0  0/0    18:14   1:14   0:00 
Joffrey Lupul            0  1  1   1  0   3  2  0  0  0  1/1    21:38   0:59   4:22 
Karl Alzner              0  0  0   0  0   1  0  0  0  0  0/0    16:23   0:45   3:02 
Kris Russell             1  0  1   1  6   1  2  2  0  0  0/0    24:10   0:45   1:50 
Mikael Backlund          0  1  1   1  0   0  1  0  0  0  9/18   22:03   1:00   2:18 
Sean Couturier           0  1  1   1  0   0  0  0  0  0  10/21  21:43   1:14   2:18 
Steve Downie             1  0  1   1  2   1  2  0  0  0  1/2    13:50   0:00   0:00 
Tomas Tatar              0  0  0   1  0   0  1  0  0  0  0/0    14:10   0:19   0:00 
Tyler Ennis              0  0  0   1  0   2  0  0  0  0  0/2    18:53   1:00   0:00 
Zemgus Girgensons        0  0  0   1  0   1  3  0  0  0  1/1    18:11   0:00   0:00 

Players Stats for Bruins

Player Name              G  A  P  +/- PIM S  H  SB GA TA FO     MP     PP MP  PK MP  
------------------------------------------------------------------------------------
Andrew Ladd              0  0  0  -1  2   1  5  0  0  0  0/0    21:03   3:26   0:00 
Brad Marchand            0  1  1   0  0   1  0  0  0  0  1/2    10:10   2:34   0:21 
Carl Soderberg           1  0  1  -1  0   3  1  0  0  0  6/10   23:16   2:33   0:13 
David Krejci             0  0  0  -1  0   3  0  0  0  0  9/16   18:26   0:00   0:14 
Dougie Hamilton          0  0  0  -3  0   1  0  0  0  0  0/0    23:13   3:18   0:13 
Drew Doughty             0  0  0   0  0   2  7  2  0  0  0/0    28:11   2:46   1:24 
Jakub Voracek            0  0  0  -1  0   3  1  0  0  0  1/1    17:31   4:06   0:00 
John Carlson             0  1  1   0  0   0  0  1  0  0  0/0     8:49   1:18   0:00 
Matt Bartkowski          0  0  0   0  0   1  1  1  0  0  0/0    14:09   2:04   1:22 
Matt Moulson             0  0  0  -1  0   1  0  0  0  0  0/2    13:03   0:00   0:00 
Patrice Bergeron         0  0  0  -1  0   5  0  0  0  0  12/15  15:18   0:00   1:38 
Reilly Smith             0  0  0  -1  0   1  0  0  0  0  0/2    18:30   0:42   0:00 
Ryan Callahan            0  0  0  -1  0   0  2  0  0  0  0/1    13:44   0:41   0:00 
Ryan Spooner             0  0  0  -1  0   0  0  0  0  0  2/8    13:11   0:00   0:08 
Ryan Strome              0  1  1   0  0   0  1  0  0  0  4/5    10:29   3:24   0:00 
Torey Krug               1  0  1   0  0   1  0  0  0  0  0/0    24:03   3:54   0:45 
Tyler Myers              0  0  0  -3  0   0  1  1  0  0  0/0    20:32   0:00   0:00 
Zach Parise              0  1  1   0  0   0  0  0  0  0  0/0     4:22   2:34   1:38 

3 Stars

1 - Derek Morris (NYR)
2 - Craig Smith (NYR)
3 - Steve Downie (NYR)

Power Play

Rangers - 0 on 1 Attempt(s) - 0.00%
Bruins - 2 on 5 Attempt(s) - 40.00%

Penalty Kill

Rangers - 3 on 5 Attempt(s) - 60.00% - Score 0 goal in Penalty Kill
Bruins - 1 on 1 Attempt(s) - 100.00% - Score 0 goal in Penalty Kill

Team Stat

Rangers - Hits : 22 - Faceoff Wins : 27 - Blocked Shots : 5 - Penalty Minutes : 10
Bruins - Hits : 19 - Faceoff Wins : 35 - Blocked Shots : 5 - Penalty Minutes : 2

Official

Referees : Don VanMassenhoven and Darcy Burchell
Linesman : Brad Kovachik and Darren Gibbs

Game Notes

John Carlson is injured at 2:04 of 2nd period (Bruised Left Leg)

Finance

Level 1 -- Attendance: 4535 (69.77%) -- Ticket Income $498,850
Level 2 -- Attendance: 4858 (97.16%) -- Ticket Income $364,350
Level 3 -- Attendance: 3482 (99.49%) -- Ticket Income $194,992
Level 4 -- Attendance: 1565 (100.00%) -- Ticket Income $62,600
Luxury Box -- Attendance: 965 (96.50%) -- Ticket Income $192,035
Game was played at the TD Garden'
Total Attendance: 15405 (87.70%)
Total Ticket Income: $1,312,827
Other Income: $196,924
Total Income: $1,509,751

% Time on Ice - Rangers

Lines # - Real PCT - Wanted PCT - Time Play
Normal Forward
1 - 32% - 40% - 16:17
2 - 35% - 30% - 17:53
3 - 27% - 20% - 13:51
4 - 6% - 10% - 3:02
Normal Defense
1 - 32% - 40% - 16:25
2 - 33% - 30% - 17:00
3 - 24% - 20% - 12:18
4 - 10% - 10% - 5:20
PP Forward
1 - 50% - 60% - 1:00
2 - 50% - 40% - 0:59
PP Defense
1 - 62% - 60% - 1:14
2 - 38% - 40% - 0:45
PK Forward
1 - 66% - 60% - 4:22
2 - 35% - 40% - 2:18
PK Defense
1 - 51% - 60% - 3:23
2 - 49% - 40% - 3:17
PK3 Forward
1 - 0% - 60%
2 - 0% - 40%
PK3 Defense
1 - 0% - 60%
2 - 0% - 40%
44 Forward
1 - 0% - 60%
2 - 0% - 40%
44 Defense
1 - 0% - 60%
2 - 0% - 40%
Last Minute Offensive  - 0:00
Last Minute Defensive  - 0:18
Total
Forward - 60:00
Defense - 60:00

% Time on Ice - Bruins

Lines # - Real PCT - Wanted PCT - Time Play
Normal Forward
1 - 26% - 40% - 13:25
2 - 34% - 30% - 17:38
3 - 14% - 20% - 7:05
4 - 25% - 10% - 13:03
Normal Defense
1 - 19% - 40% - 9:37
2 - 41% - 30% - 20:44
3 - 14% - 20% - 6:59
4 - 27% - 10% - 13:51
PP Forward
1 - 62% - 60% - 4:06
2 - 39% - 40% - 2:34
PP Defense
1 - 79% - 60% - 5:16
2 - 21% - 40% - 1:24
PK Forward
1 - 89% - 60% - 1:46
2 - 11% - 40% - 0:13
PK Defense
1 - 100% - 60% - 1:59
2 - 0% - 40% - 0:00
PK3 Forward
1 - 0% - 60%
2 - 0% - 40%
PK3 Defense
1 - 0% - 60%
2 - 0% - 40%
44 Forward
1 - 0% - 60%
2 - 0% - 40%
44 Defense
1 - 0% - 60%
2 - 0% - 40%
Last Minute Offensive  - 0:10
Last Minute Defensive  - 0:00
Total
Forward - 60:00
Defense - 60:00

Play by Play

1st period


0:01 of 1st period - Patrice Bergeron wins face-off versus Mikael Backlund in neutral zone.
0:03 of 1st period - Minor Penalty to Kris Russell for Hooking.
0:04 of 1st period - Ryan Strome wins face-off versus Craig Smith in Rangers zone.
0:23 of 1st period - Shot by John Carlson.
0:23 of 1st period - Shot Misses the Net.
0:25 of 1st period - Shot by Torey Krug.
0:25 of 1st period - Goal by Torey Krug - Rangers : 0 - Bruins : 1.
0:26 of 1st period - Ryan Spooner wins face-off versus Sean Couturier in neutral zone.
1:05 of 1st period - Shot by Dougie Hamilton.
1:05 of 1st period - Shot Blocked by Alex Goligoski.
2:37 of 1st period - Shot by David Krejci.
2:37 of 1st period - Stopped by Brian Elliott without a rebound.
2:38 of 1st period - David Legwand wins face-off versus Ryan Spooner in Rangers zone.
3:12 of 1st period - Icing by Karl Alzner.
3:13 of 1st period - David Krejci wins face-off versus Steve Downie in Rangers zone.
3:13 of 1st period - Andrew Ladd is hit by Anton Volchenkov and loses puck.
3:23 of 1st period - Steve Downie is hit by Andrew Ladd and loses puck.
4:09 of 1st period - Icing by Anton Volchenkov.
4:10 of 1st period - Carl Soderberg wins face-off versus David Legwand in Rangers zone.
5:12 of 1st period - Shot by Mikael Backlund.
5:12 of 1st period - Shot Misses the Net.
5:29 of 1st period - Shot by Ryan Callahan.
5:29 of 1st period - Shot Misses the Net.
5:31 of 1st period - Shot by Ryan Callahan.
5:31 of 1st period - Shot Blocked by Craig Smith.
5:35 of 1st period - Shot by Ryan Spooner.
5:35 of 1st period - Shot Misses the Net.
5:37 of 1st period - Shot by Dougie Hamilton.
5:37 of 1st period - Stopped by Brian Elliott without a rebound.
5:38 of 1st period - Sean Couturier wins face-off versus David Krejci in Rangers zone.
6:34 of 1st period - Shot by Benoit Pouliot.
6:34 of 1st period - Shot Misses the Net.
6:38 of 1st period - Shot by Benoit Pouliot.
6:38 of 1st period - Shot Blocked by Tyler Myers.
6:40 of 1st period - Shot by Alex Goligoski.
6:40 of 1st period - Shot Misses the Net.
6:54 of 1st period - Shot by Kris Russell.
6:54 of 1st period - Shot Hit the Post.
7:22 of 1st period - Shot by Craig Smith.
7:22 of 1st period - Shot Misses the Net.
7:25 of 1st period - Minor Penalty to Steve Downie for Slashing.
7:26 of 1st period - Joffrey Lupul wins face-off versus Brad Marchand in Rangers zone.
7:50 of 1st period - Shot by Drew Doughty.
7:50 of 1st period - Stopped by Brian Elliott without a rebound.
7:51 of 1st period - Ryan Strome wins face-off versus Craig Smith in Rangers zone.
8:56 of 1st period - Sean Couturier is hit by Ryan Callahan and loses puck.
9:46 of 1st period - Shot by Reilly Smith.
9:46 of 1st period - Stopped by Brian Elliott without a rebound.
9:47 of 1st period - Zemgus Girgensons wins face-off versus Matt Moulson in Rangers zone.
10:12 of 1st period - Shot by Tyler Ennis.
10:12 of 1st period - Shot Misses the Net.
11:05 of 1st period - Shot by Jakub Voracek.
11:05 of 1st period - Stopped by Brian Elliott with a rebound.
11:17 of 1st period - Shot by Patrice Bergeron.
11:17 of 1st period - Shot Misses the Net.
12:07 of 1st period - Shot by David Legwand.
12:07 of 1st period - Shot Blocked by John Carlson.
12:09 of 1st period - Shot by Tomas Tatar.
12:09 of 1st period - Shot Misses the Net.
12:29 of 1st period - Shot by Tomas Tatar.
12:29 of 1st period - Shot Misses the Net.
12:53 of 1st period - Shot by Ryan Callahan.
12:53 of 1st period - Shot Misses the Net.
13:11 of 1st period - Shot by Kris Russell.
13:11 of 1st period - Goal by Kris Russell - Rangers : 1 - Bruins : 1.
13:12 of 1st period - Patrice Bergeron wins face-off versus Mikael Backlund in neutral zone.
13:36 of 1st period - Shot by Patrice Bergeron.
13:36 of 1st period - Stopped by Brian Elliott without a rebound.
13:37 of 1st period - Sean Couturier wins face-off versus Ryan Spooner in Rangers zone.
14:44 of 1st period - Shot by Jakub Voracek.
14:44 of 1st period - Shot Misses the Net.
15:36 of 1st period - Shot by Joffrey Lupul.
15:36 of 1st period - Shot Blocked by Matt Bartkowski.
15:38 of 1st period - Shot by Derek Morris.
15:38 of 1st period - Stopped by Tuukka Rask without a rebound.
15:39 of 1st period - Ryan Spooner wins face-off versus Mikael Backlund in Bruins zone.
15:53 of 1st period - Tyler Myers is hit by Derek Morris and loses puck.
15:59 of 1st period - Icing by Derek Morris.
16:00 of 1st period - Mikael Backlund wins face-off versus David Krejci in Rangers zone.
16:39 of 1st period - Shot by David Krejci.
16:39 of 1st period - Shot Misses the Net.
16:41 of 1st period - Shot by Matt Bartkowski.
16:41 of 1st period - Stopped by Brian Elliott with a rebound.
16:54 of 1st period - Icing by Matt Bartkowski.
16:55 of 1st period - David Krejci wins face-off versus Sean Couturier in Bruins zone.
16:55 of 1st period - David Krejci is hit by Zemgus Girgensons.
17:16 of 1st period - Icing by Sean Couturier.
17:17 of 1st period - Carl Soderberg wins face-off versus Tyler Ennis in Rangers zone.
17:20 of 1st period - Shot by Brad Marchand.
17:20 of 1st period - Stopped by Brian Elliott without a rebound.
17:21 of 1st period - Patrice Bergeron wins face-off versus David Legwand in Rangers zone.
17:24 of 1st period - Shot by Jakub Voracek.
17:24 of 1st period - Shot Misses the Net.
17:48 of 1st period - Shot by Patrice Bergeron.
17:48 of 1st period - Shot Blocked by Anton Volchenkov.
17:56 of 1st period - Shot by David Legwand.
17:56 of 1st period - Stopped by Tuukka Rask without a rebound.
17:57 of 1st period - Mikael Backlund wins face-off versus David Krejci in Bruins zone.
18:30 of 1st period - Shot by Alex Goligoski.
18:30 of 1st period - Shot Misses the Net.
19:02 of 1st period - Sean Couturier is hit by Jakub Voracek and loses puck.
19:06 of 1st period - Icing by Chris Tanev.
19:07 of 1st period - Carl Soderberg wins face-off versus Sean Couturier in Rangers zone.
19:07 of 1st period - Carl Soderberg is hit by Derek Morris.
Goals for this period are 1 for Rangers vs 1 for Bruins.
Shots for this period are 3 for Rangers vs 9 for Bruins.

2nd period


0:01 of 2nd period - Jakub Voracek wins face-off versus Mikael Backlund in neutral zone.
0:08 of 2nd period - Minor Penalty to Kris Russell for Tripping.
0:09 of 2nd period - Craig Smith wins face-off versus Ryan Strome in Rangers zone.
0:09 of 2nd period - Craig Smith is hit by Andrew Ladd.
0:16 of 2nd period - Chris Tanev is hit by Andrew Ladd and loses puck.
0:23 of 2nd period - Shot by Jakub Voracek.
0:23 of 2nd period - Stopped by Brian Elliott without a rebound.
0:24 of 2nd period - Brad Marchand wins face-off versus Craig Smith in Rangers zone.
0:25 of 2nd period - Shot by Zach Parise.
0:25 of 2nd period - Shot Misses the Net.
0:27 of 2nd period - Shot by Carl Soderberg.
0:27 of 2nd period - Shot Misses the Net.
0:29 of 2nd period - Shot by Carl Soderberg.
0:29 of 2nd period - Goal by Carl Soderberg - Rangers : 1 - Bruins : 2.
0:30 of 2nd period - Mikael Backlund wins face-off versus Patrice Bergeron in neutral zone.
0:32 of 2nd period - Alex Goligoski is hit by Drew Doughty and loses puck.
0:53 of 2nd period - Shot by Jakub Voracek.
0:53 of 2nd period - Stopped by Brian Elliott with a rebound.
0:55 of 2nd period - Shot by Patrice Bergeron.
0:55 of 2nd period - Shot Misses the Net.
1:12 of 2nd period - Icing by Kris Russell.
1:13 of 2nd period - David Krejci wins face-off versus Mikael Backlund in Rangers zone.
2:03 of 2nd period - John Carlson is hit by Derek Morris and loses puck.
2:04 of 2nd period - John Carlson from Bruins is injured at 2:04 of 2nd period (Bruised Left Leg).
2:05 of 2nd period - Patrice Bergeron wins face-off versus Sean Couturier in Rangers zone.
2:36 of 2nd period - Icing by Dougie Hamilton.
2:37 of 2nd period - Patrice Bergeron wins face-off versus Mikael Backlund in Bruins zone.
2:52 of 2nd period - Shot by Joffrey Lupul.
2:52 of 2nd period - Stopped by Tuukka Rask without a rebound.
2:53 of 2nd period - David Krejci wins face-off versus Sean Couturier in Bruins zone.
3:06 of 2nd period - Chris Tanev is hit by Matt Bartkowski and loses puck.
3:22 of 2nd period - Andrew Ladd is hit by Derek Morris.
3:25 of 2nd period - Icing by Chris Tanev.
3:26 of 2nd period - Carl Soderberg wins face-off versus Sean Couturier in Rangers zone.
3:45 of 2nd period - Drew Doughty is hit by Zemgus Girgensons and loses puck.
3:55 of 2nd period - Dougie Hamilton is hit by Kris Russell.
4:12 of 2nd period - Ryan Strome is hit by Kris Russell and loses puck.
4:22 of 2nd period - Torey Krug is hit by Alex Goligoski and loses puck.
4:35 of 2nd period - Shot by David Krejci.
4:35 of 2nd period - Stopped by Brian Elliott without a rebound.
4:35 of 2nd period - Minor Penalty to Alex Goligoski for Holding.
4:36 of 2nd period - Ryan Strome wins face-off versus Craig Smith in Rangers zone.
5:52 of 2nd period - Off-side.
5:53 of 2nd period - Sean Couturier wins face-off versus Reilly Smith in neutral zone.
6:10 of 2nd period - Shot by Torey Krug.
6:10 of 2nd period - Shot Misses the Net.
6:18 of 2nd period - Shot by Joffrey Lupul.
6:18 of 2nd period - Stopped by Tuukka Rask with a rebound.
9:07 of 2nd period - Shot by Joffrey Lupul.
9:07 of 2nd period - Stopped by Tuukka Rask without a rebound.
9:08 of 2nd period - David Krejci wins face-off versus David Legwand in Bruins zone.
9:19 of 2nd period - Shot by Reilly Smith.
9:19 of 2nd period - Shot Misses the Net.
9:26 of 2nd period - Off-side.
9:27 of 2nd period - Mikael Backlund wins face-off versus Patrice Bergeron in neutral zone.
9:58 of 2nd period - Shot by Craig Smith.
9:58 of 2nd period - Goal by Craig Smith - Rangers : 2 - Bruins : 2.
9:59 of 2nd period - David Legwand wins face-off versus David Krejci in neutral zone.
10:25 of 2nd period - Off-side.
10:26 of 2nd period - Sean Couturier wins face-off versus Ryan Spooner in neutral zone.
10:26 of 2nd period - Sean Couturier is hit by Ryan Callahan.
11:33 of 2nd period - Shot by Joffrey Lupul.
11:33 of 2nd period - Deflect By Craig Smith.
11:33 of 2nd period - Shot Blocked by Drew Doughty.
11:44 of 2nd period - Mikael Backlund is hit by Drew Doughty and loses puck.
12:10 of 2nd period - Jakub Voracek is hit by Derek Morris and loses puck.
12:14 of 2nd period - Icing by Chris Tanev.
12:15 of 2nd period - David Legwand wins face-off versus David Krejci in Rangers zone.
12:15 of 2nd period - David Legwand is hit by Andrew Ladd.
12:29 of 2nd period - Shot by David Legwand.
12:29 of 2nd period - Shot Misses the Net.
12:37 of 2nd period - Shot by Steve Downie.
12:37 of 2nd period - Goal by Steve Downie - Rangers : 3 - Bruins : 2.
12:38 of 2nd period - Sean Couturier wins face-off versus Ryan Callahan in neutral zone.
12:41 of 2nd period - Shot by Tyler Ennis.
12:41 of 2nd period - Stopped by Tuukka Rask without a rebound.
12:42 of 2nd period - David Krejci wins face-off versus Sean Couturier in Bruins zone.
13:11 of 2nd period - Shot by Andrew Ladd.
13:11 of 2nd period - Deflect By David Krejci.
13:11 of 2nd period - Stopped by Brian Elliott with a rebound.
13:49 of 2nd period - Shot by Carl Soderberg.
13:49 of 2nd period - Stopped by Brian Elliott without a rebound.
13:50 of 2nd period - Carl Soderberg wins face-off versus Mikael Backlund in Rangers zone.
13:53 of 2nd period - Shot by Carl Soderberg.
13:53 of 2nd period - Stopped by Brian Elliott with a rebound.
14:08 of 2nd period - Joffrey Lupul is hit by Tyler Myers and loses puck.
15:09 of 2nd period - Dougie Hamilton is hit by Tomas Tatar and loses puck.
15:25 of 2nd period - Anton Volchenkov is hit by Drew Doughty and loses puck.
15:41 of 2nd period - Minor Penalty to Andrew Ladd for High sticking.
15:42 of 2nd period - Patrice Bergeron wins face-off versus Sean Couturier in Bruins zone.
16:47 of 2nd period - Shot by Karl Alzner.
16:47 of 2nd period - Stopped by Tuukka Rask without a rebound.
16:48 of 2nd period - Patrice Bergeron wins face-off versus Sean Couturier in Bruins zone.
18:05 of 2nd period - Icing by Ryan Spooner.
18:06 of 2nd period - Mikael Backlund wins face-off versus Matt Moulson in Bruins zone.
18:12 of 2nd period - Shot by Mikael Backlund.
18:12 of 2nd period - Shot Misses the Net.
19:05 of 2nd period - Dougie Hamilton is hit by Joffrey Lupul and loses puck.
19:15 of 2nd period - Icing by David Krejci.
19:16 of 2nd period - David Krejci wins face-off versus Sean Couturier in Bruins zone.
Goals for this period are 2 for Rangers vs 1 for Bruins.
Shots for this period are 7 for Rangers vs 7 for Bruins.

3rd period


0:01 of 3rd period - Mikael Backlund wins face-off versus Patrice Bergeron in neutral zone.
0:08 of 3rd period - Minor Penalty to Kris Russell for High sticking.
0:09 of 3rd period - Ryan Strome wins face-off versus Craig Smith in Rangers zone.
0:42 of 3rd period - Karl Alzner is hit by Andrew Ladd.
2:15 of 3rd period - Matt Bartkowski is hit by Steve Downie.
2:43 of 3rd period - Shot by David Legwand.
2:43 of 3rd period - Stopped by Tuukka Rask without a rebound.
2:44 of 3rd period - Sean Couturier wins face-off versus Reilly Smith in Bruins zone.
4:03 of 3rd period - Icing by Andrew Ladd.
4:04 of 3rd period - David Krejci wins face-off versus David Legwand in Bruins zone.
4:04 of 3rd period - David Krejci is hit by Steve Downie.
4:19 of 3rd period - Icing by Karl Alzner.
4:20 of 3rd period - Patrice Bergeron wins face-off versus David Legwand in Rangers zone.
4:20 of 3rd period - Patrice Bergeron is hit by Anton Volchenkov.
4:34 of 3rd period - Shot by Patrice Bergeron.
4:34 of 3rd period - Stopped by Brian Elliott without a rebound.
4:35 of 3rd period - Mikael Backlund wins face-off versus Ryan Spooner in Rangers zone.
5:04 of 3rd period - Shot by Ryan Callahan.
5:04 of 3rd period - Shot Misses the Net.
5:06 of 3rd period - Shot by Ryan Callahan.
5:06 of 3rd period - Shot Misses the Net.
5:17 of 3rd period - Icing by Kris Russell.
5:18 of 3rd period - Patrice Bergeron wins face-off versus Mikael Backlund in Rangers zone.
5:23 of 3rd period - Shot by Patrice Bergeron.
5:23 of 3rd period - Stopped by Brian Elliott without a rebound.
5:24 of 3rd period - Patrice Bergeron wins face-off versus Sean Couturier in Rangers zone.
5:24 of 3rd period - Jakub Voracek is hit by Derek Morris and loses puck.
7:21 of 3rd period - Shot by Ryan Spooner.
7:21 of 3rd period - Shot Blocked by Kris Russell.
8:00 of 3rd period - Tyler Myers is hit by Mikael Backlund and loses puck.
8:09 of 3rd period - Shot by Patrice Bergeron.
8:09 of 3rd period - Stopped by Brian Elliott without a rebound.
8:10 of 3rd period - Steve Downie wins face-off versus Carl Soderberg in Rangers zone.
8:10 of 3rd period - Steve Downie is hit by Ryan Strome.
8:23 of 3rd period - Ryan Strome is hit by Anton Volchenkov.
8:32 of 3rd period - Brad Marchand is hit by Anton Volchenkov and loses puck.
9:43 of 3rd period - Shot by Zemgus Girgensons.
9:43 of 3rd period - Stopped by Tuukka Rask without a rebound.
9:44 of 3rd period - Patrice Bergeron wins face-off versus Tyler Ennis in Bruins zone.
10:22 of 3rd period - Icing by Kris Russell.
10:23 of 3rd period - Sean Couturier wins face-off versus Ryan Spooner in Rangers zone.
10:48 of 3rd period - Shot by Matt Moulson.
10:48 of 3rd period - Shot Blocked by Kris Russell.
11:10 of 3rd period - Shot by Andrew Ladd.
11:10 of 3rd period - Shot Misses the Net.
11:18 of 3rd period - Shot by Reilly Smith.
11:18 of 3rd period - Shot Misses the Net.
11:22 of 3rd period - Shot by David Krejci.
11:22 of 3rd period - Shot Misses the Net.
11:52 of 3rd period - Shot by Patrice Bergeron.
11:52 of 3rd period - Shot Misses the Net.
12:01 of 3rd period - Bryan Allen is hit by Carl Soderberg and loses puck.
12:21 of 3rd period - Off-side.
12:22 of 3rd period - Mikael Backlund wins face-off versus Ryan Spooner in neutral zone.
12:43 of 3rd period - Shot by Matt Moulson.
12:43 of 3rd period - Stopped by Brian Elliott with a rebound.
12:49 of 3rd period - Shot by Ryan Spooner.
12:49 of 3rd period - Deflect By Matt Moulson.
12:49 of 3rd period - Shot Misses the Net.
12:51 of 3rd period - Shot by Drew Doughty.
12:51 of 3rd period - Stopped by Brian Elliott with a rebound.
13:52 of 3rd period - Shot by David Legwand.
13:52 of 3rd period - Shot Blocked by Drew Doughty.
14:39 of 3rd period - Off-side.
14:40 of 3rd period - David Krejci wins face-off versus David Legwand in neutral zone.
14:51 of 3rd period - Shot by David Krejci.
14:51 of 3rd period - Shot Misses the Net.
15:01 of 3rd period - Shot by Benoit Pouliot.
15:01 of 3rd period - Shot Misses the Net.
15:37 of 3rd period - Shot by Patrice Bergeron.
15:37 of 3rd period - Stopped by Brian Elliott without a rebound.
15:38 of 3rd period - David Legwand wins face-off versus Carl Soderberg in Rangers zone.
16:02 of 3rd period - Icing by Torey Krug.
16:03 of 3rd period - Sean Couturier wins face-off versus Carl Soderberg in Bruins zone.
16:15 of 3rd period - Icing by Tyler Myers.
16:16 of 3rd period - Carl Soderberg wins face-off versus Mikael Backlund in Bruins zone.
16:28 of 3rd period - Icing by Tyler Myers.
16:29 of 3rd period - Sean Couturier wins face-off versus Carl Soderberg in Bruins zone.
16:46 of 3rd period - Torey Krug is hit by Zemgus Girgensons and loses puck.
17:01 of 3rd period - Shot by Tyler Ennis.
17:01 of 3rd period - Stopped by Tuukka Rask without a rebound.
17:02 of 3rd period - Mikael Backlund wins face-off versus David Krejci in Bruins zone.
17:16 of 3rd period - Craig Smith is hit by Drew Doughty and loses puck.
17:26 of 3rd period - Craig Smith is hit by Drew Doughty and loses puck.
17:34 of 3rd period - Icing by Dougie Hamilton.
17:35 of 3rd period - Sean Couturier wins face-off versus David Krejci in Bruins zone.
17:52 of 3rd period - Shot by Andrew Ladd.
17:52 of 3rd period - Stopped by Brian Elliott without a rebound.
17:53 of 3rd period - Patrice Bergeron wins face-off versus David Legwand in Rangers zone.
18:09 of 3rd period - Tomas Tatar is hit by Drew Doughty.
18:50 of 3rd period - Mikael Backlund is hit by Drew Doughty and loses puck.
19:36 of 3rd period - Patrice Bergeron is hit by Joffrey Lupul and loses puck.
Goals for this period are 0 for Rangers vs 0 for Bruins.
Shots for this period are 3 for Rangers vs 7 for Bruins.


Output by the SimonT Hockey Simulator (STHS) for Stephane Roy -- Original Page W3C XHTML 1.0 Valid
Hockey Simulator - Hockey Simulation - Hockey Manager